 Dungeon Crawl Stone Soup version 0.27.0 (webtiles) character file.

Game seed: 6347687413228725162

217 RascalDebosk the Covered (level 5, -2/47 HPs)
             Began as a Minotaur Fighter on July 30, 2021.
             Slain by a water moccasin (3 damage)
             ... on level 4 of the Dungeon.
             The game lasted 00:31:09 (3551 turns).

RascalDebosk the Covered (Minotaur Fighter)         Turns: 3551, Time: 00:31:11

Health: -2/47      AC:  8    Str: 21    XL:     5   Next: 61%
Magic:  4/4        EV:  8    Int:  5    God:
Gold:   203        SH:  9    Dex: 10    Spells: 4/4 levels left

rFire    . . .     SeeInvis .   a - +0 war axe
rCold    . . .     Faith    .   c - +0 kite shield
rNeg     . . .     Spirit   .   b - +0 scale mail
rPois    .         Reflect  .   (helmet restricted)
rElec    .         Harm     .   (no cloak)
rCorr    .         Rampage  .   (no gloves)
Will     .....                  l - +0 pair of boots
Stlth    ..........             g - amulet of regeneration
HPRegen  1.15/turn              (no ring)
MPRegen  0.09/turn              (no ring)

@: lethally poisoned (-2 -> -3)
A: horns 2, retaliatory headbutt
a: no special abilities


You were on level 4 of the Dungeon.
You visited 1 branch of the dungeon, and saw 4 of its levels.

You collected 203 gold pieces.

Inventory:

Hand Weapons
 a - a +0 war axe (weapon)
 h - a +2 dagger of venom
Missiles
 i - 131 stones
 k - 2 poisoned darts
Armour
 b - a +0 scale mail (worn)
 c - a +0 kite shield (worn)
 e - a +0 ring mail
 l - a +0 pair of boots (worn)
Jewellery
 g - an amulet of regeneration (around neck)
Wands
 m - a wand of polymorph (5) (quivered)
Scrolls
 f - a scroll of enchant weapon {unknown}
 p - a scroll of teleportation {unknown}
Potions
 d - a potion of might
 j - a potion of heal wounds
 o - a potion of magic {unknown}
 q - a potion of resistance {unknown}
 r - a potion of degeneration


   Skills:
 + Level 4.7 Fighting
 + Level 3.8 Axes
 + Level 4.7 Armour
 + Level 2.4 Dodging
 + Level 4.7 Shields


You had 4 spell levels left.
You didn't know any spells.
Your spell library contained the following spells:

 Spells                   Type           Power      Damage    Failure   Level
 Magic Dart               Conj           0%         1d3       99%         1
 Blink                    Tloc           N/A        N/A       100%        2
 Call Imp                 Summ           0%         N/A       100%        2
 Lesser Beckoning         Tloc           0%         N/A       100%        3
 Mephitic Cloud           Conj/Pois/Air  0%         N/A       100%        3
 Manifold Assault         Tloc           0%         N/A       100%        5


Dungeon Overview and Level Annotations

Branches:
Dungeon (4/15)
 Temple: D:4-7

Altars:
Fedhas
Gozag
Nemelex Xobeh
Uskayaw
Yredelemnul
Zin

Shops:
D:2 (   D:4 *


Innate Abilities, Weirdness & Mutations

You have a pair of horns on your head.
You reflexively headbutt those who attack you in melee.


Message History

You kill the goblin!
The ice beast hits you. The ice beast freezes you!
You barely miss the ice beast. Your headbutt misses the ice beast.
The ice beast hits you. The ice beast freezes you!
* * * LOW HITPOINT WARNING * * *
Aiming: Polymorph
Press: ? - help, Q - select action, (/) - cycle Shift-Dir - straight line, f - ice beast
Aim: an ice beast (will become a water moccasin, a wyvern, or a tengu, chance to affect: 46%)
The ice beast evaporates and reforms as a water moccasin!
The water moccasin bites you but does no damage.
The water moccasin bites you.
* * * LOW HITPOINT WARNING * * *
You closely miss the water moccasin.
Your headbutt misses the water moccasin.
The water moccasin bites you but does no damage.
The water moccasin bites you.
* * * LOW HITPOINT WARNING * * *
You are poisoned.
The water moccasin poisons you!
You slash the water moccasin!
Your headbutt misses the water moccasin.
The water moccasin is heavily wounded.
* * * LOW HITPOINT WARNING * * *
You feel very sick. You block the water moccasin's attack.
The water moccasin barely misses you. You furiously retaliate!
You headbutt the water moccasin. You hit the water moccasin.
The water moccasin is almost dead.
* * * LOW HITPOINT WARNING * * *
You feel very sick. The water moccasin bites you.
* * * LOW HITPOINT WARNING * * *
The water moccasin bites you but does no damage.
You barely miss the water moccasin.
Your headbutt misses the water moccasin.
The water moccasin is almost dead.
* * * LOW HITPOINT WARNING * * *
You feel sick. You block the water moccasin's attack.
The water moccasin bites you.
You die...

## ### . .. ###. .## #(!# #)#
#[Y# #†# ###### #.#
##....####S# #.####(..@## ..
#.# ######### ... #.# #.)'....#
....#.####..#.88.#
....##....###.88.# #
....########....#### .#
##..........##'####..### ##..#
##..####.#..###.........##....#
#...#####.......≈≈≈≈≈≈≈.<..###


You could see a water moccasin.

Vanquished Creatures
  A jelly (D:4)
  A scorpion zombie (D:3)
  A hound zombie (D:3)
  A howler monkey skeleton (D:4)
  5 adders
  2 worms
  4 dart slugs (D:2)
  4 orcs (D:3)
  3 ball pythons
  8 endoplasms
  4 giant cockroaches
  5 goblins
  9 hobgoblins
  4 jackals (D:1)
  6 kobolds
  4 quokkas
  3 bats
  4 frilled lizards
  7 rats (D:2)
76 creatures vanquished.

Vanquished Creatures (others)
  6 plants (D:3)
6 creatures vanquished.

Grand Total: 82 creatures vanquished

Notes
Turn   | Place    | Note
-------+----------+-------------------------------------------
     0 | D:1      | RascalDebosk the Minotaur Fighter began the quest for the
                  | Orb.
     0 | D:1      | Reached XP level 1. HP: 19/19 MP: 0/0
   134 | D:1      | Reached XP level 2. HP: 22/27 MP: 1/1
   715 | D:1      | Reached skill level 1 in Dodging
   900 | D:2      | Reached XP level 3. HP: 33/33 MP: 2/2
  1461 | D:3      | Reached XP level 4. HP: 40/40 MP: 3/3
  1602 | D:3      | Found a glowing silver altar of Zin.
  1686 | D:3      | Found a basalt altar of Yredelemnul.
  1791 | D:3      | Found a sparkling altar of Nemelex Xobeh.
  1796 | D:3      | Found a blossoming altar of Fedhas.
  1850 | D:3      | Found a hide-covered altar of Uskayaw.
  2026 | D:3      | Reached XP level 5. HP: 43/47 MP: 4/4
  2640 | D:2      | Found Wastrengit's Antique Weapon Emporium.
  3425 | D:4      | Found Gozag's Platinum Reserve.
  3430 | D:4      | Found an opulent altar of Gozag.
  3515 | D:4      | Noticed an ice beast
  3544 | D:4      | Noticed a water moccasin
  3544 | D:4      | an ice beast changed into a water moccasin
  3550 | D:4      | HP: 2/47 [water moccasin (2)]
  3551 | D:4      | Slain by a water moccasin

Illustrated notes

Levels and vault maps discovered:
D:1:      amcnicky_arrival_feature_with_door, layout_loops_ring
D:2:      kb_forest_paths, layout_basic, serial_shops, nicolae_diamond_shop,
          kennysheep_nondescript, nrook_campfire, minmay_splitting_lines
D:3:      layout_rooms, lemuel_zombie_altar_yredelemnul,
          mainiacjoe_overflow_small_starburst, minitemple,
          mainiacjoe_overflow_surrounded_room, serial_forest,
          infiniplex_forest_clump_diagonal, infiniplex_forest_lined_room_,
          infiniplex_forest_clump_diagonal, infiniplex_forest_zigzag_1,
          chequers_serial_rivers_micro_d
D:4:      minmay_chambers_of_fours, layout_cave_pools,
          nicolae_gozag_zags_fifth_avenue, ebering_ghost_disaster_area

Skill      XL: |  1  2  3  4 |
---------------+-------------+-----
Dodging        | 1 2 |  2.4
Fighting       | 4 |  4.7
Armour         | 4 |  4.7
Shields        | 4 |  4.7
Axes           | 3 |  3.8

Action                   |  1- 3 |  4- 6 || total
-------------------------+-------+-------++-------
Melee: War axe           |    93 |    96 ||   189
       Headbutt          |    11 |    18 ||    29
Evoke: Wand              |       |     1 ||     1
  Use: Scroll            |     2 |     1 ||     3
Armor: Scale mail        |    43 |    40 ||    83
Dodge: Dodged            |    39 |    28 ||    67
Block: Kite shield       |    52 |    46 ||    98
